[ AOE2 MATCH · #482229285 ]
1v1 RMItalians vs Britons
Player's team · LOSS
Rival team · WIN
[ REPLAY ANALYSIS · EXTRACTED FROM THE RECORDED GAME ]
Feudal
11:37
Castle
28:26
Imperial
37:56
| APM avg | 13.9 |
| APM peak | 58 |
| eAPM avg | 10.6 |
| Villagers / military | 79 / 211 |
Focus
⚔️ 41.6% · 🌾 58.4%
Skirmisher ×63 · Spearman ×46 · Knight ×35 · Unknown (882) ×25 · Battering Ram ×19 · Petard ×16
Feudal
11:26
Castle
19:07
Imperial
32:12
| APM avg | 14.8 |
| APM peak | 71 |
| eAPM avg | 13.5 |
| Villagers / military | 131 / 165 |
Focus
⚔️ 22.5% · 🌾 77.5%
Longbowman ×73 · Spearman ×32 · Scout Cavalry ×20 · Mangonel ×15 · Trebuchet (Packed) ×12 · Monk ×6
Match map
Resources at game start + every placement click. Thick line = wall · dashed box = detected house wall. 🟡 gold · ⚪ stone · 🟢 berries · 🔶 boar · ⭕ relic
Inputs per minute
— DrLegend - - josemiguel.val
Build order — DrLegend
First 150 of 530 actions detected
| 0:03 | Create | Villager (Male) |
| 0:04 | Create | Villager (Male) |
| 0:04 | Create | Villager (Male) |
| 0:05 | Build | House |
| 0:07 | Build | House |
| 0:08 | Create | Villager (Male) |
| 2:16 | Create | Villager (Male) |
| 2:54 | Create | Villager (Male) |
| 3:38 | Create | Villager (Male) |
| 4:09 | Create | Villager (Male) |
| 4:20 | Build | Mill |
| 4:33 | Create | Villager (Male) |
| 5:55 | Create | Villager (Male) |
| 5:56 | Create | Villager (Male) |
| 5:56 | Create | Villager (Male) |
| 6:21 | Create | Villager (Male) |
| 6:22 | Create | Villager (Male) |
| 6:50 | Build | House |
| 6:51 | Build | House |
| 6:52 | Build | House |
| 8:22 | Build | Lumber Camp |
| 8:43 | Build | Barracks |
| 9:00 | Create | Villager (Male) |
| 9:27 | Research | Feudal Age |
| 11:11 | Create | Villager (Male) |
| 11:12 | Create | Villager (Male) |
| 11:19 | Build | Farm |
| 11:21 | Build | Farm |
| 11:22 | Build | Farm |
| 11:24 | Build | Farm |
| 11:27 | Build | Farm |
| 11:29 | Build | Farm |
| 11:31 | Build | Farm |
| 11:31 | Build | Farm |
| 11:31 | Build | Farm |
| 11:32 | Build | Farm |
| 11:32 | Build | Farm |
| 11:35 | Build | Farm |
| 11:35 | Build | Farm |
| 11:36 | Build | Farm |
| 11:36 | Build | Farm |
| 11:36 | Build | Farm |
| 11:37 | Build | Farm |
| 11:37 | Build | Farm |
| 11:37 | Age | Feudal Age |
| 11:37 | Build | Farm |
| 11:38 | Build | Farm |
| 11:38 | Build | Farm |
| 11:39 | Build | Farm |
| 11:40 | Build | Farm |
| 11:41 | Build | Farm |
| 11:41 | Build | Farm |
| 11:41 | Build | Farm |
| 11:42 | Build | Farm |
| 11:42 | Build | Farm |
| 11:42 | Build | Farm |
| 11:43 | Build | Farm |
| 11:43 | Build | Farm |
| 11:43 | Build | Farm |
| 11:44 | Build | Farm |
| 11:47 | Build | Farm |
| 11:47 | Build | Farm |
| 11:47 | Build | Farm |
| 11:48 | Build | Farm |
| 11:48 | Build | Farm |
| 11:48 | Build | Farm |
| 11:49 | Build | Farm |
| 11:54 | Build | Farm |
| 11:55 | Build | Farm |
| 11:55 | Build | Farm |
| 11:56 | Build | Farm |
| 11:56 | Build | Farm |
| 11:56 | Build | Farm |
| 11:57 | Build | Farm |
| 11:57 | Build | Farm |
| 11:58 | Build | Farm |
| 11:58 | Build | Farm |
| 11:58 | Build | Farm |
| 11:59 | Build | Farm |
| 11:59 | Build | Farm |
| 11:59 | Build | Farm |
| 12:00 | Build | Farm |
| 12:00 | Build | Farm |
| 12:00 | Build | Farm |
| 12:01 | Build | Farm |
| 12:01 | Build | Farm |
| 12:01 | Build | Farm |
| 12:02 | Build | Farm |
| 12:02 | Build | Farm |
| 12:02 | Build | Farm |
| 12:03 | Build | Farm |
| 12:03 | Build | Farm |
| 12:03 | Build | Farm |
| 12:04 | Build | Farm |
| 12:04 | Build | Farm |
| 12:04 | Build | Farm |
| 12:05 | Build | Farm |
| 12:05 | Build | Farm |
| 12:05 | Build | Farm |
| 12:06 | Build | Farm |
| 12:06 | Build | Farm |
| 12:06 | Build | Farm |
| 12:07 | Build | Farm |
| 12:07 | Build | Farm |
| 12:07 | Build | Farm |
| 12:08 | Build | Farm |
| 12:08 | Build | Farm |
| 12:09 | Build | Farm |
| 12:10 | Build | Farm |
| 12:10 | Build | Farm |
| 12:12 | Build | Farm |
| 12:13 | Build | Farm |
| 12:14 | Build | Farm |
| 12:15 | Build | Farm |
| 12:17 | Build | Farm |
| 12:18 | Build | Farm |
| 12:18 | Build | Farm |
| 12:18 | Build | Farm |
| 12:19 | Build | Farm |
| 12:19 | Build | Farm |
| 12:20 | Build | Farm |
| 12:30 | Build | Farm |
| 12:32 | Build | Farm |
| 12:33 | Build | Farm |
| 12:33 | Build | Farm |
| 12:33 | Build | Farm |
| 12:34 | Build | Farm |
| 12:47 | Build | Farm |
| 13:06 | Research | Double-Bit Axe |
| 13:36 | Research | Horse Collar |
| 13:40 | Create | Villager (Male) |
| 13:40 | Create | Villager (Male) |
| 13:40 | Create | Villager (Male) |
| 13:41 | Create | Villager (Male) |
| 13:46 | Create | Villager (Male) |
| 13:46 | Create | Villager (Male) |
| 13:47 | Create | Villager (Male) |
| 13:47 | Create | Villager (Male) |
| 14:12 | Build | Lumber Camp |
| 14:53 | Research | Wheelbarrow |
| 15:03 | Build | Mining Camp |
| 15:07 | Create | Villager (Male) |
| 15:23 | Build | Farm |
| 15:26 | Create | Villager (Male) |
| 15:49 | Build | Farm |
| 16:01 | Create | Villager (Male) |
| 16:02 | Create | Villager (Male) |
| 16:04 | Research | Wheelbarrow |
| 16:16 | Build | Farm |
| 16:21 | Create | Villager (Male) |
Build order — josemiguel.val
First 150 of 483 actions detected
| 0:06 | Research | Loom |
| 0:07 | Create | Villager (Male) |
| 0:07 | Create | Villager (Male) ×4 |
| 0:13 | Build | House |
| 0:15 | Build | House |
| 1:38 | Create | Villager (Male) |
| 2:13 | Create | Villager (Male) |
| 2:13 | Create | Villager (Male) |
| 2:21 | Build | Lumber Camp |
| 2:27 | Create | Villager (Male) |
| 2:27 | Create | Villager (Male) |
| 2:54 | Create | Villager (Male) |
| 2:54 | Create | Villager (Male) |
| 3:32 | Create | Villager (Male) ×2 |
| 3:32 | Create | Villager (Male) ×2 |
| 4:00 | Build | House |
| 4:01 | Build | House |
| 4:04 | Build | House |
| 4:13 | Create | Villager (Male) ×2 |
| 4:51 | Build | Mill |
| 5:18 | Create | Villager (Male) |
| 5:49 | Build | Mill |
| 5:59 | Create | Villager (Male) |
| 6:19 | Create | Villager (Male) |
| 6:50 | Create | Villager (Male) |
| 7:29 | Create | Villager (Male) |
| 7:41 | Create | Villager (Male) |
| 8:09 | Create | Villager (Male) |
| 8:40 | Create | Villager (Male) |
| 9:02 | Build | House |
| 9:07 | Build | Mining Camp |
| 9:11 | Research | Feudal Age |
| 9:46 | Build | Lumber Camp |
| 9:51 | Create | Villager (Male) |
| 10:33 | Create | Villager (Male) |
| 10:48 | Build | Farm |
| 10:49 | Build | Farm |
| 10:51 | Build | Farm |
| 11:26 | Age | Feudal Age |
| 11:28 | Research | Gold Mining |
| 11:28 | Research | Gold Mining |
| 11:30 | Research | Horse Collar |
| 11:30 | Research | Horse Collar |
| 11:33 | Research | Double-Bit Axe |
| 11:37 | Research | Wheelbarrow |
| 11:42 | Create | Villager (Male) |
| 11:54 | Build | Market |
| 11:58 | Build | Blacksmith |
| 12:08 | Create | Villager (Male) |
| 12:49 | Build | Farm |
| 13:09 | Build | Barracks |
| 13:23 | Build | Farm |
| 13:24 | Build | Farm |
| 13:25 | Build | Farm |
| 13:36 | Build | Farm |
| 13:38 | Build | Farm |
| 13:43 | Create | Villager (Male) |
| 13:54 | Create | Villager (Male) |
| 14:03 | Build | Farm |
| 14:24 | Build | House |
| 14:31 | Create | Villager (Male) |
| 14:47 | Build | Farm |
| 14:49 | Build | Farm |
| 14:50 | Build | Farm |
| 14:55 | Create | Villager (Male) |
| 15:06 | Build | Archery Range |
| 15:25 | Build | Farm |
| 15:27 | Build | Farm |
| 15:30 | Create | Villager (Male) |
| 15:40 | Build | Farm |
| 15:55 | Build | Farm |
| 15:57 | Create | Villager (Male) |
| 16:10 | Research | Castle Age |
| 16:18 | Build | House |
| 16:36 | Create | Spearman |
| 16:36 | Create | Spearman |
| 16:40 | Create | Skirmisher |
| 16:40 | Create | Skirmisher |
| 16:41 | Create | Skirmisher |
| 16:50 | Build | Farm |
| 16:57 | Build | Farm |
| 17:04 | Build | House |
| 17:07 | Research | Scale Mail Armor |
| 17:49 | Build | House |
| 17:50 | Build | House |
| 17:55 | Research | Forging |
| 17:57 | Research | Padded Archer Armor |
| 17:59 | Research | Town Watch |
| 18:09 | Create | Archer |
| 18:09 | Create | Archer |
| 18:09 | Create | Archer |
| 18:17 | Research | Man-at-Arms (upgrade) |
| 18:18 | Create | Militia |
| 18:39 | Build | House |
| 19:07 | Age | Castle Age |
| 19:11 | Research | Hand Cart |
| 19:23 | Build | Monastery |
| 19:34 | Build | Monastery |
| 19:44 | Build | Monastery |
| 19:47 | Create | Villager (Male) |
| 19:51 | Research | Heavy Plow |
| 19:55 | Research | Bow Saw |
| 19:55 | Research | Bow Saw |
| 19:58 | Create | Villager (Male) |
| 19:58 | Create | Villager (Male) |
| 20:20 | Build | Town Center |
| 20:28 | Research | Crossbowman (upgrade) |
| 20:31 | Create | Villager (Male) |
| 20:31 | Create | Villager (Male) |
| 20:39 | Build | House |
| 20:41 | Build | House |
| 20:42 | Build | House |
| 20:58 | Create | Monk |
| 20:58 | Create | Monk |
| 21:00 | Create | Villager (Male) |
| 21:00 | Create | Villager (Male) |
| 21:18 | Create | Villager (Male) |
| 21:24 | Research | Gold Shaft Mining |
| 21:25 | Research | Gold Shaft Mining |
| 21:38 | Create | Villager (Male) |
| 21:50 | Create | Monk |
| 21:50 | Create | Monk |
| 22:01 | Create | Villager (Male) ×5 |
| 22:02 | Create | Villager (Male) ×5 |
| 22:15 | Build | University |
| 22:21 | Build | House |
| 22:22 | Build | House |
| 22:23 | Build | House |
| 22:25 | Create | Villager (Male) |
| 23:03 | Build | Town Center |
| 23:08 | Create | Villager (Male) |
| 23:08 | Create | Villager (Male) |
| 23:19 | Build | Farm |
| 23:22 | Build | Farm |
| 23:26 | Create | Villager (Male) |
| 23:27 | Create | Villager (Male) |
| 23:31 | Research | Fervor |
| 23:32 | Create | Monk |
| 23:32 | Create | Monk |
| 23:42 | Create | Villager (Male) |
| 23:43 | Create | Villager (Male) |
| 23:51 | Research | Stone Mining |
| 23:51 | Research | Stone Mining |
| 23:58 | Build | Mining Camp |
| 24:02 | Research | Chain Mail Armor |
| 24:05 | Create | Villager (Male) |
| 24:05 | Create | Villager (Male) |
| 24:05 | Create | Villager (Male) |
| 24:19 | Create | Villager (Male) |
| 24:19 | Create | Villager (Male) |
Match timeline
| 8:43 | DrLegend · first_building Barracks |
| 11:26 | josemiguel.val · age_up feudal |
| 11:37 | DrLegend · age_up feudal |
| 13:09 | josemiguel.val · first_building Barracks |
| 15:06 | josemiguel.val · first_building Archery Range |
| 19:07 | josemiguel.val · age_up castle |
| 19:23 | josemiguel.val · first_building Monastery |
| 20:56 | josemiguel.val · first_market_sell 100 wood |
| 23:55 | DrLegend · first_building Archery Range |
| 28:26 | DrLegend · age_up castle |
| 28:40 | josemiguel.val · first_market_buy 100 food |
| 28:57 | josemiguel.val · first_building Siege Workshop |
| 29:05 | josemiguel.val · first_building Stable |
| 29:07 | DrLegend · first_building Monastery |
| 29:27 | DrLegend · first_building Castle |
| 29:32 | josemiguel.val · first_building Castle |
| 30:09 | DrLegend · first_building Siege Workshop |
| 32:12 | josemiguel.val · age_up imperial |
| 37:56 | DrLegend · age_up imperial |
| 41:05 | DrLegend · first_building Stable |
| 53:53 | josemiguel.val · wall_segment Stone Wall x1 |
| 71:13 | DrLegend · resign |
[ AI ANALYSIS · 1 CREDIT ]
What really happened in this match?
Wolo.gg analyzes every decision: build order, eco, micro, common mistakes by bracket. Personalized analysis on WhatsApp or Discord in 30 seconds.
Civ guide
Italians
Map guide
Arena
Perfil
DrLegend